 Dungeon Crawl Stone Soup version 0.19-a0-1686-g35356ef (webtiles) character file.

239 matakusis the Slasher (level 5, 0/41 HPs)
             Began as a Demonspawn Gladiator on Sept 25, 2016.
             Slain by a goblin
             ... wielding a +0 club
             ... led by Robin
              (6 damage)
             ... on level 2 of the Dungeon.
             The game lasted 00:04:56 (1400 turns).

matakusis the Slasher (Demonspawn Gladiator)        Turns: 1400, Time: 00:04:57

Health: 0/41       AC:  6    Str: 15    XL:     5   Next: 79%
Magic:  5/5        EV: 13    Int: 10    God:
Gold:   109        SH:  0    Dex: 14    Spells: 0 memorised, 4 levels left

rFire  + . .     SeeInvis .     a - +0 long sword
rCold  . . .     Gourm    .     b - +0 leather armour
rNeg   . . .     Faith    .     (no shield)
rPois  .         Spirit   .     h - +1 helmet
rElec  .         Dismiss  .     (no cloak)
rCorr  .         Reflect  .     (no gloves)
MR     .....     Harm     .     (no boots)
Stlth  +.........               (no amulet)
                                (no ring)
                                p - ring of flight

@: no status effects
A: talons 2, fire resistance 1
a: Evoke Flight


You were on level 2 of the Dungeon.
You were not hungry.

You visited 1 branch of the dungeon, and saw 2 of its levels.

You collected 109 gold pieces.

Inventory:

Hand Weapons
 a - a +0 long sword (weapon)
Missiles
 q - 2 throwing nets (quivered)
Armour
 b - a +0 leather armour (worn)
 c - a +0 helmet
 h - a +1 helmet (worn)
Jewellery
 e - an uncursed ring of fire
 p - a ring of flight (left hand)
Scrolls
 g - 5 scrolls of teleportation {unknown}
 i - a scroll of enchant weapon {unknown}
 j - a scroll of fog {unknown}
 k - a scroll of identify {unknown}
 l - 3 scrolls of enchant armour {unknown}
 o - 2 scrolls of blinking {unknown}
Comestibles
 d - 3 chunks of flesh
 f - a bread ration
 m - 2 meat rations
 n - a beef jerky


   Skills:
 * Level 3.6 Fighting
 + Level 4.3 Long Blades
 - Level 1.7 Throwing
 + Level 1.0 Armour
 + Level 3.6 Dodging


You had 4 spell levels left.
You didn't know any spells.

Dungeon Overview and Level Annotations

Branches:
Dungeon (2/15)

Altars:
Okawaru

Annotations:
D:2 Robin


Innate Abilities, Weirdness & Mutations

You have razor-sharp toenails.
Your flesh is heat resistant. (rF+)


Message History

Unknown command.
You barely miss Robin. Your kick misses Robin.
Robin is heavily wounded.
The goblin no longer looks unusually strong.
The hobgoblin hits you.
* * * LOW HITPOINT WARNING * * *
The goblin hits you with a club.
* * * LOW HITPOINT WARNING * * *
The goblin barely misses you.
You hit Robin.
Robin is heavily wounded.
The goblin no longer looks unusually strong. x2
The hobgoblin hits you.
* * * LOW HITPOINT WARNING * * *
Robin roars a battlecry!
The goblins go into a battle-frenzy!
The goblin barely misses you.
You riposte.
You hit the goblin.
The goblin is moderately wounded.
The goblin hits you with a club.
You die...

# ### ########.#..
#......#.#.#######
#..#.#.#.ggg<..... #..._..#
#@# ##########
#..#.#.###g#######.........
#......).ggg..##...#######.
#.####....)...##.### #.
#.............)..# #.
######........###### ######
#.....................
#.........############
#.........# ###......


You could see Robin, a hobgoblin and 5 goblins.

Vanquished Creatures
  Sigmund (D:2)
  3 adders (D:2)
  A worm (D:2)
  A dart slug (D:2)
  2 leopard geckos
  4 goblins
  8 hobgoblins
  10 jackals
  7 bats
  3 frilled lizards
  6 rats
46 creatures vanquished.

Notes
Turn   | Place    | Note
-------+----------+-------------------------------------------
     0 | D:1      | matakusis the Demonspawn Gladiator began the quest for the Orb.
     0 | D:1      | Reached XP level 1. HP: 16/16 MP: 1/1
   233 | D:1      | Reached skill level 3 in Long Blades
   260 | D:1      | Gained mutation: You have sharp toenails. [demonic ancestry]
   260 | D:1      | Reached XP level 2. HP: 22/22 MP: 2/2
   753 | D:2      | Reached XP level 3. HP: 23/27 MP: 3/3
  1218 | D:2      | Gained mutation: You have razor-sharp toenails. [demonic ancestry]
  1218 | D:2      | Reached XP level 4. HP: 34/34 MP: 4/4
  1328 | D:2      | Noticed Sigmund
  1348 | D:2      | Killed Sigmund
  1348 | D:2      | Reached skill level 4 in Long Blades
  1348 | D:2      | Reached skill level 1 in Armour
  1348 | D:2      | Gained mutation: Your flesh is heat resistant. (rF+) [demonic ancestry]
  1348 | D:2      | Reached XP level 5. HP: 41/41 MP: 5/5
  1358 | D:2      | Found an iron altar of Okawaru.
  1383 | D:2      | Noticed Robin
  1400 | D:2      | Slain by a goblin

Vault maps used:
D:1:      evilmike_arrival_rings, minmay_tetromino_l4
D:2:      okawaru_metal_pillars_1_2, zin_scriptorium, st_stairs_13,
          uniq_sigmund, uniq_robin, uniq_terence

Skill      XL: |  1  2  3  4 |
---------------+-------------+-----
Long Blades    | 3 4 |  4.3
Dodging        | 3 |  3.6
Fighting       | 3 |  3.6
Armour         | 1 |  1.0
Throwing       | |  1.7

Action                   |  1- 3 |  4- 6 || total
-------------------------+-------+-------++-------
Melee: Long sword        |   120 |    44 ||   164
       Kick              |    21 |    12 ||    33
Throw: Throwing net      |       |     3 ||     3
 Stab: Held in net/web   |       |     1 ||     1
  Eat: Chunk             |     1 |     1 ||     2
Armor: Leather armour    |    44 |    13 ||    57
Dodge: Dodged            |    70 |    37 ||   107
